Map: [ESL] Alcyone

Players

NightMare

  • Race: Protoss Protoss
  • Spawn Location: 1:00

Cure - Winner!

  • Race: Terran Terran
  • Spawn Location: 7:00

Event: ESL Spring 2024 Finals

VOD

Have the link to the VOD?

Description

Time

  • Played on: June 1, 2024, 11:46 a.m.
  • Length: 9:56

All games in this series

Show
View Real Time Build Order
Export as new Build Order

NightMare Protoss 

Build Orders: 1 Gate Expand, Phoenix Opening 

Get SALT Encoding   

  12  0:00  Probe  
  13  0:12  Probe  
  14  0:17  Pylon  
  14  0:24  Probe (Chrono Boost)  
  15  0:36  Probe (Chrono Boost)  
  15  0:39  Gateway  
  16  0:45  Probe (Chrono Boost)  
  16  0:46  Assimilator  
  17  0:51  Probe  
  18  1:03  Probe  
  19  1:15  Probe  
  20  1:26  Cybernetics Core  
  22  1:35  Nexus  
  22  1:38  Pylon  
  20  1:41  Probe  
  21  1:48  Assimilator  
  21  1:53  Probe  
  22  2:00  Adept (Chrono Boost)  
  22  2:05  Probe  
  25  2:17  Probe  
  26  2:24  Adept (Chrono Boost)  
  26  2:29  Probe  
  29  2:31  Stargate  
  29  2:40  Warp Gate  
  29  2:41  Probe  
  30  2:48  Probe  
  30  2:50  Adept (Chrono Boost)  
  31  2:54  Probe  
  34  3:00  Probe  
  35  3:06  Probe  
  37  3:12  Probe  
  37  3:14  Gateway, Phoenix (Chrono Boost)  
  37  3:18  Probe  
  40  3:25  Probe  
  40  3:30  Probe  
  40  3:33  Phoenix (Chrono Boost)  
  42  3:37  Probe  
  40  3:42  Probe  
  39  3:49  Probe  
  39  3:52  Phoenix (Chrono Boost)  
  39  3:54  Probe  
  43  4:01  Probe  
  42  4:03  Shield Battery  
  42  4:06  Gateway, Probe, Pylon  
  43  4:10  Phoenix (Chrono Boost)  
  43  4:13  Pylon, Probe  
  46  4:22  Assimilator  
  46  4:24  Probe  
  47  4:25  Probe  
  48  4:32  Phoenix  
  48  4:35  Stalker  
  48  4:36  Stalker  
  54  4:38  Pylon  
  54  4:40  Probe  
  54  4:41  Probe  
  56  4:48  Shield Battery  
  56  4:50  Pylon  
  57  4:52  Probe  
  57  4:53  Probe  
  58  5:03  Twilight Council  
  58  5:06  Probe x2  
  60  5:09  Stalker  
  62  5:16  Stalker x2  
  66  5:28  Nexus  
  66  5:31  Pylon  
  66  5:34  Charge (Chrono Boost), Probe  
  66  5:35  Probe  
  68  5:44  Robotics Facility  
  68  5:47  Assimilator, Probe x2  
  70  5:57  Stalker x2  
  70  5:59  Probe  
  70  6:04  Stalker  
  66  6:11  Probe x2  
  60  6:20  Stalker x2  
  60  6:23  Probe x2  
  64  6:30  Stalker  
  54  6:36  Probe x2 (Chrono Boost)  
  56  6:45  Observer, Probe (Chrono Boost)  
  56  6:47  Probe x2 (Chrono Boost)  
  60  6:53  Probe (Chrono Boost)  
  63  6:54  Probe x2 (Chrono Boost)  
  63  6:55  Gateway  
  64  7:02  Probe x2 (Chrono Boost)  
  64  7:08  Shield Battery, Probe (Chrono Boost)  
  66  7:10  Probe (Chrono Boost)  
  66  7:12  Probe (Chrono Boost)  
  66  7:14  Blink, Probe (Chrono Boost)  
  69  7:16  Gateway  
  69  7:21  Probe  
  69  7:22  Probe  
  71  7:29  Zealot x3  
  77  7:34  Gateway  
  77  7:37  Gateway  
  77  7:42  Probe x2  
  79  7:50  Zealot x4  
  83  7:58  Probe x2  
  83  8:01  Probe  
  83  8:11  Zealot  
  83  8:12  Zealot x4  
  91  8:23  Probe x3  
  94  8:28  Robotics Bay  
  94  8:35  Probe x3  
  79  8:46  Zealot x7  
  81  8:54  Probe x3  
  82  8:58  Gateway x2  
  82  9:07  Zealot x5  
  90  9:10  Zealot  
  90  9:11  Zealot  
  98  9:28  Sentry  
  100  9:31  Pylon  
  100  9:32  Pylon x2  
  100  9:33  Templar Archives  
  94  9:39  Sentry x3  
  94  9:40  Stalker x2  
Show
View Real Time Build Order
Export as new Build Order

Cure Terran - Winner!

Build Orders:  

Get SALT Encoding   

  12  0:00  SCV  
  13  0:12  SCV  
  14  0:16  Supply Depot  
  14  0:24  SCV  
  15  0:38  SCV  
  15  0:39  Barracks  
  15  0:42  Refinery  
  16  0:50  SCV  
  16  0:51  Refinery  
  17  1:02  SCV  
  18  1:14  SCV  
  19  1:26  Orbital Command, Reaper  
  19  1:28  Supply Depot  
  20  1:39  Factory  
  20  1:53  SCV  
  21  2:03  Barracks Reactor  
  21  2:05  SCV  
  22  2:15  Command Center  
  22  2:17  SCV  
  23  2:23  Widow Mine  
  23  2:29  SCV  
  26  2:37  Starport  
  26  2:39  Marine  
  26  2:41  SCV  
  29  2:49  Supply Depot  
  29  2:54  Widow Mine  
  29  2:56  SCV  
  31  3:10  Marine x2  
  31  3:12  SCV  
  33  3:15  Cyclone, Medivac  
  37  3:24  SCV  
  38  3:28  Marine  
  39  3:43  SCV  
  39  3:44  Marine  
  39  3:48  Marine  
  39  3:58  Orbital Command, SCV, Medivac  
  39  3:59  Supply Depot, Cyclone  
  43  4:09  Marine x2  
  45  4:10  SCV  
  46  4:19  Supply Depot  
  46  4:22  SCV  
  47  4:27  Marine x2  
  49  4:36  Viking  
  51  4:39  Cyclone  
  51  4:40  SCV x2  
  51  4:45  Marine x2  
  57  4:50  Barracks  
  57  4:52  SCV  
  57  4:58  SCV  
  59  5:02  Marine  
  59  5:03  Marine  
  59  5:06  SCV  
  62  5:08  Barracks  
  62  5:10  SCV  
  62  5:13  Supply Depot  
  63  5:17  Viking  
  63  5:20  SCV  
  66  5:22  SCV  
  66  5:23  Cyclone  
  66  5:25  Marine  
  70  5:32  Supply Depot  
  70  5:34  SCV, Marine  
  70  5:35  SCV  
  73  5:41  Engineering Bay  
  73  5:47  SCV x2  
  75  5:50  Supply Depot, Marine  
  75  5:52  Barracks Tech Lab, Marine  
  75  5:55  Marine  
  75  5:57  Cyclone, Viking  
  79  6:01  SCV x2  
  81  6:11  Marine x3  
  80  6:13  SCV, Marine  
  80  6:18  Stimpack  
  68  6:27  SCV  
  68  6:29  Marine x2  
  68  6:30  SCV  
  69  6:38  Terran Infantry Weapons Level 1  
  65  6:40  SCV  
  65  6:41  Barracks Tech Lab, Factory Reactor  
  65  6:42  SCV  
  65  6:43  Starport Reactor  
  65  6:45  Factory Tech Lab  
  63  6:52  Barracks  
  63  6:55  Barracks  
  63  6:57  Missile Turret  
  63  6:59  Marine x3  
  66  7:03  SCV, Missile Turret  
  66  7:04  SCV  
  66  7:05  Siege Tank  
  71  7:08  Refinery  
  71  7:11  Missile Turret  
  71  7:13  Combat Shield  
  71  7:15  SCV  
  71  7:19  Supply Depot  
  71  7:23  Marine x4  
  71  7:24  Medivac  
  71  7:27  SCV  
  71  7:28  SCV  
  79  7:30  Medivac  
  81  7:40  Supply Depot  
  81  7:41  Marine x3  
  81  7:43  Supply Depot  
  81  7:44  Marine, Refinery  
  84  7:50  Siege Tank, Marine  
  89  8:01  Marine x3  
  89  8:02  Marine, Marauder  
  90  8:12  Marine  
  90  8:14  Medivac  
  90  8:19  Marine x3  
  95  8:20  Marauder  
  95  8:24  Marine  
  95  8:25  Medivac  
  101  8:30  Marine  
  102  8:35  Supply Depot  
  102  8:40  Marine x3  
  94  8:41  Marauder  
  94  8:42  Marauder  
  94  8:48  Marine  
  93  8:57  Siege Tank  
  93  8:58  Marine x3  
  93  9:01  Medivac  
  100  9:03  Marine, Marauder  
  100  9:06  Marine  
  103  9:14  Medivac  
  103  9:15  Marine x2  
  107  9:18  Marine  
  107  9:21  Marauder  
  107  9:24  Marine  
  111  9:26  Marine  
  111  9:30  Supply Depot  
  112  9:33  Marine  
  112  9:38  Marine x2  
Tags
 
Add a new tag
Caveats
  • Supply blocks, unpowered buildings, or Contaminate may cause inaccurate times.
  • Supply counts are checked every 10 seconds.